 Dungeon Crawl Stone Soup version 0.27.1-3-gb3d3a73c9e (webtiles) character file.

Game seed: 12723209331072524405

82 Urokeeper the Sneak (level 4, 0/23 HPs)
             Began as a Spriggan Brigand on Oct 6, 2021.
             Slain by a gnoll (7 damage)
             ... on level 2 of the Dungeon.
             The game lasted 00:05:42 (2115 turns).

Urokeeper the Sneak (Spriggan Brigand)              Turns: 2115, Time: 00:05:43

Health: 0/23       AC:  3    Str:  8    XL:     4   Next: 21%
Magic:  5/5        EV: 16    Int: 12    God:
Gold:   59         SH:  0    Dex: 16    Spells: 3/3 levels left

rFire    . . .     SeeInvis +   a - +2 dagger
rCold    . . .     Faith    .   (shield restricted)
rNeg     . . .     Spirit   .   b - +0 robe
rPois    .         Reflect  .   (helmet restricted)
rElec    .         Harm     .   c - +0 cloak
rCorr    .         Rampage  .   (gloves unavailable)
Will     .....                  (boots unavailable)
Stlth    ++++......             (no amulet)
HPRegen  0.07/turn              (no ring)
MPRegen  0.09/turn              (no ring)

@: very quick
A: very small, no large weapons, unfitting armour, see invisible, speed 3
a: no special abilities


You were on level 2 of the Dungeon.
You visited 1 branch of the dungeon, and saw 2 of its levels.

You collected 59 gold pieces.

Inventory:

Hand Weapons
 a - a +2 dagger (weapon)
Missiles
 d - 8 poisoned darts
 e - 2 curare-tipped darts (quivered)
 i - 8 atropa-tipped darts
Armour
 b - a +0 robe (worn)
 c - a +0 cloak (worn)
Scrolls
 f - a scroll of brand weapon {unknown}
Potions
 g - a potion of magic {unknown}
 h - 2 potions of curing {unknown}


   Skills:
 + Level 2.8 Fighting
 - Level 2.1 Short Blades
 - Level 2.0 Throwing
 - Level 1.3 Dodging
 + Level 7.4 Stealth


You had 3 spell levels left.
You didn't know any spells.
Your spell library was empty.

Dungeon Overview and Level Annotations

Branches:
Dungeon (2/15)

Altars:


Innate Abilities, Weirdness & Mutations

You are very small and have problems with some larger weapons.
You are too small for most types of armour.
You have supernaturally acute eyesight. (SInv)
You cover ground extremely quickly. (Speed+++)


Message History

The gnoll is lightly wounded.
The gnoll barely misses you.
You barely miss the gnoll.
The gnoll is lightly wounded.
The gnoll barely misses you.
The gnoll drinks a potion.
The gnoll seems to grow stronger.
You hit the gnoll.
The gnoll is lightly wounded.
The gnoll barely misses you.
You hit the gnoll.
The gnoll is moderately wounded.
The gnoll hits you with a +0 club.
You closely miss the gnoll.
The gnoll is moderately wounded.
The gnoll hits you with a +0 club.
You hit the gnoll.
The gnoll is heavily wounded.
You completely miss the gnoll.
The gnoll is heavily wounded.
The gnoll barely misses you.
You closely miss the gnoll.
The gnoll is heavily wounded.
The gnoll barely misses you.
You hit the gnoll.
The gnoll is severely wounded.
The gnoll hits you with a +0 club.
You hit the gnoll.
The gnoll is severely wounded.
The gnoll hits you with a +0 club.
You hit the gnoll.
You kill the gnoll!
There is a stone staircase leading down here.
The gnoll no longer looks unusually strong.
You closely miss the gnoll. The gnoll closely misses you.
You barely miss the gnoll. The gnoll barely misses you.
You completely miss the gnoll. The gnoll barely misses you.
The gnoll hits you from afar with a +0 spear.
You hit the gnoll but do no damage. The gnoll hits you with a +0 whip!
The gnoll hits you from afar with a +0 spear!
You die...

#.........# #.#
#.........# #.#
#..^......# #.#
##.####.### #.# #.#
#.## #.# #.# #..# #.#
#.# ##.# #.#
#.#####.## #.#
#....##..# #@#
#.######.###g# #.#
#.# #..##g# #.# #.#
##.##.# #.### #.#
#..#.# #.#.# .# #.#
##.#.###########.#.##
.# #.#
#.#.##....g)w...#...
.# #.#
#...##g#######..#.##
.# #.# ##..##.#
#.)......


You could see 2 gnolls.

Vanquished Creatures
  A jelly (D:2)
  2 gnolls
  An adder skeleton (D:2)
  4 ball pythons
  A bat (D:1)
  An endoplasm (D:1)
  A giant cockroach (D:1)
  2 goblins (D:1)
  4 hobgoblins
  6 kobolds
  5 frilled lizards
  5 rats
33 creatures vanquished.

Vanquished Creatures (others)
  3 fungi (D:1)
  A plant (D:1)
4 creatures vanquished.

Grand Total: 37 creatures vanquished

Notes
Turn   | Place    | Note
-------+----------+-------------------------------------------
     0 | D:1      | Urokeeper the Spriggan Brigand began the quest for the Orb.
     0 | D:1      | Reached XP level 1. HP: 10/10 MP: 2/2
    38 | D:1      | Reached skill level 6 in Stealth
   176 | D:1      | Reached XP level 2. HP: 5/15 MP: 3/3
   691 | D:1      | Found a faded altar of an unknown god.
  1303 | D:2      | Reached skill level 7 in Stealth
  1303 | D:2      | Reached XP level 3. HP: 19/19 MP: 4/4
  1716 | D:2      | Reached XP level 4. HP: 12/23 MP: 5/5
  2115 | D:2      | Slain by a gnoll

Illustrated notes

Levels and vault maps discovered:
D:1:      minmay_arrival_semitransparent, layout_basic,
          shapermc_ecumenical_altar_mp_ritualfount, minmay_misc_feat_x
D:2:      layout_basic, grunt_decor_mini_mirrors

Skill      XL: |  1  2 |
---------------+-------+-----
Stealth        | 6 7 |  7.4
Fighting       | 2 |  2.8
Short Blades   | |  2.1
Throwing       | |  2.0
Dodging        | |  1.3

Action                   |  1- 3 |  4- 6 || total
-------------------------+-------+-------++-------
Melee: Dagger            |    74 |    23 ||    97
Throw: Dart              |     2 |       ||     2
 Stab: Sleeping          |    10 |     1 ||    11
Armor: Robe              |     5 |       ||     5
Dodge: Dodged            |    37 |    13 ||    50
